Map: Pillars of Gold LE

Players

liquidthermy (uThermal) - Winner!

  • Race: Terran Terran
  • Spawn Location: 1:00

ShaDoWn

  • Race: Protoss Protoss
  • Spawn Location: 7:00

Event: DreamHack SC2 Masters 2020 Summer Europe

VOD

Have the link to the VOD?

Description

Time

  • Played on: July 4, 2020, 10:51 a.m.
  • Length: 8:26

All games in this series

Show
View Real Time Build Order
Export as new Build Order

liquidthermy Terran - Winner!

Build Orders:  

Get SALT Encoding   

  12  0:01  SCV  
  13  0:13  SCV  
  14  0:17  Supply Depot  
  14  0:25  SCV  
  15  0:39  SCV  
  15  0:40  Barracks  
  16  0:44  Refinery  
  16  0:51  SCV  
  17  1:03  SCV  
  18  1:15  SCV  
  19  1:28  Orbital Command, Barracks Reactor  
  19  1:44  Command Center  
  20  1:54  SCV  
  20  1:59  Supply Depot  
  20  2:06  SCV  
  21  2:09  Factory  
  21  2:10  Marine  
  21  2:13  Marine  
  23  2:20  SCV  
  24  2:23  Refinery  
  24  2:28  Marine  
  25  2:31  Marine  
  25  2:32  SCV  
  27  2:45  SCV  
  28  2:55  Starport  
  28  2:57  SCV  
  28  2:58  Orbital Command  
  29  3:02  Hellion  
  31  3:06  Hellion  
  31  3:09  SCV  
  34  3:21  SCV  
  34  3:24  Widow Mine  
  38  3:27  Widow Mine  
  38  3:31  Supply Depot  
  38  3:33  SCV  
  41  3:35  Medivac  
  41  3:38  Armory  
  43  3:41  SCV  
  43  3:53  SCV  
  44  3:55  SCV  
  44  4:00  Widow Mine x2  
  44  4:05  SCV  
  44  4:08  SCV  
  45  4:13  Barracks Tech Lab  
  43  4:18  Bunker, SCV  
  43  4:20  SCV  
  45  4:24  Starport Reactor  
  45  4:27  Barracks  
  45  4:28  Barracks  
  45  4:30  SCV  
  45  4:31  Stimpack, Marauder, Factory Tech Lab  
  48  4:32  SCV  
  48  4:36  Supply Depot  
  49  4:40  Engineering Bay  
  49  4:42  SCV  
  49  4:44  SCV  
  51  4:47  Refinery  
  51  4:51  Siege Tank  
  54  4:57  Marine, SCV  
  56  5:02  Supply Depot, SCV  
  57  5:10  SCV  
  56  5:14  SCV  
  56  5:15  Terran Infantry Weapons Level 1, Missile Turret  
  56  5:17  Marine  
  56  5:18  Marine, Starport Reactor  
  59  5:22  SCV  
  59  5:24  Supply Depot, Marine  
  59  5:26  SCV  
  62  5:31  Marine x2  
  62  5:35  Marine  
  64  5:36  Marine  
  64  5:40  Siege Tank  
  65  5:43  Marine  
  65  5:48  Marine  
  63  5:50  Supply Depot  
  63  5:52  Marine  
  63  5:54  Marine  
  63  5:56  Marine, Medivac x2  
  70  5:59  Refinery  
  70  6:00  Supply Depot  
  70  6:01  Marine  
  71  6:06  Marine  
  71  6:10  Marine  
  73  6:12  Siege Tank, Marine  
  73  6:14  Marine  
  73  6:15  Supply Depot  
  78  6:19  Marine  
  78  6:21  Combat Shield  
  78  6:24  Marine  
  80  6:27  Marine  
  80  6:30  Marine  
  80  6:32  Marine  
  83  6:33  Command Center  
  83  6:38  Marine  
  84  6:42  Marine  
  84  6:43  Supply Depot, Medivac  
  84  6:44  Siege Tank  
  90  6:52  Marine  
  90  6:53  Marine x2  
  93  6:56  Marine  
  93  6:57  Supply Depot, Medivac  
  93  6:58  Supply Depot  
  93  7:00  Marine  
  96  7:10  Marine  
  96  7:11  Marine  
  98  7:16  Siege Tank  
  98  7:17  Marine  
  98  7:20  Marine x2  
  98  7:22  Medivac  
  106  7:28  Marine  
  106  7:29  Marine  
  108  7:35  Marine  
  109  7:37  Marine  
  109  7:39  Marine  
  110  7:44  Medivac  
  110  7:46  Marine  
  110  7:47  Marine  
Show
View Real Time Build Order
Export as new Build Order

ShaDoWn Protoss 

Build Orders: 1 Gate Expand, Blink Stalkers, Zealot Archon 

Get SALT Encoding   

  12  0:00  Probe  
  13  0:12  Probe  
  14  0:17  Pylon  
  14  0:25  Probe  
  15  0:34  Probe  
  15  0:38  Gateway  
  16  0:42  Probe  
  16  0:48  Assimilator  
  17  0:51  Probe  
  18  1:03  Probe  
  19  1:15  Probe  
  20  1:24  Cybernetics Core  
  20  1:36  Nexus  
  20  1:42  Pylon  
  20  1:45  Probe  
  21  1:51  Adept, Assimilator  
  21  1:57  Probe  
  24  2:03  Warp Gate  
  24  2:09  Probe  
  25  2:20  Stalker  
  25  2:21  Probe  
  28  2:33  Probe  
  28  2:37  Twilight Council  
  29  2:43  Probe  
  29  2:44  Probe  
  29  2:51  Probe  
  31  2:52  Probe  
  31  2:57  Blink  
  33  3:00  Gateway, Probe  
  33  3:02  Probe  
  35  3:09  Stalker  
  38  3:14  Probe  
  38  3:19  Probe  
  39  3:23  Shield Battery  
  39  3:27  Probe  
  39  3:31  Probe  
  41  3:35  Robotics Facility  
  41  3:39  Probe  
  42  3:43  Probe  
  43  3:51  Probe  
  43  3:55  Probe  
  43  4:03  Probe  
  43  4:07  Probe  
  43  4:08  Nexus  
  43  4:15  Probe  
  43  4:17  Sentry  
  43  4:19  Probe  
  43  4:22  Pylon  
  46  4:28  Assimilator  
  46  4:32  Pylon  
  46  4:36  Pylon  
  46  4:40  Observer, Probe x2  
  46  4:43  Stalker  
  51  4:52  Probe  
  52  4:55  Gateway  
  52  4:56  Gateway  
  52  4:57  Probe  
  51  5:04  Probe  
  51  5:06  Observer  
  50  5:12  Probe  
  46  5:17  Probe  
  47  5:21  Probe, Pylon  
  47  5:24  Probe  
  49  5:29  Stalker x2, Probe  
  53  5:40  Probe  
  52  5:44  Probe  
  52  5:48  Probe  
  54  5:52  Probe  
  54  5:56  Probe  
  55  5:57  Gateway  
  55  5:58  Gateway, Probe  
  55  6:00  Gateway, Probe  
  57  6:04  Probe  
  57  6:06  Probe  
  57  6:08  Probe  
  60  6:14  Probe  
  60  6:15  Sentry  
  60  6:16  Probe, Zealot x2  
  69  6:19  Probe  
  69  6:24  Warp Prism  
  70  6:26  Charge, Probe  
  72  6:32  Templar Archives  
  73  6:40  Gateway  
  73  6:42  Gateway  
  73  6:46  Zealot  
  75  6:47  Zealot  
  75  6:52  Zealot  
  75  6:53  Zealot  
  83  7:01  Zealot x2, Probe x2  
  83  7:03  Assimilator  
  83  7:05  Zealot  
  89  7:12  Pylon  
  89  7:14  Shield Battery  
  89  7:22  Pylon  
  89  7:23  Zealot x2  
  93  7:33  Zealot x4  
  93  7:34  Shield Battery  
  98  7:40  High Templar x2  
  92  7:44  Stalker x2  
  92  7:48  Archon, Zealot  
  93  7:57  Zealot x4  
  76  8:08  Zealot x3  
  76  8:09  Probe  
  76  8:12  Zealot x2  
Tags
 
Add a new tag
Caveats
  • Supply blocks, unpowered buildings, or Contaminate may cause inaccurate times.
  • Supply counts are checked every 10 seconds.